| TOP OF THE 1ST |
|
Orem Owlz batting - Pitching for Greeneville Astros : LHP Jeremy Mellott
|
|
Pitching: LHP Jeremy Mellott
|
|
|
Batting: RHB Brendan Garoutte
|
0-0: Ball 1-0: Hit by Pitch
|
|
Batting: RHB Fred Saxton
|
0-0: Called Strike 0-1: Called Strike Brendan Garoutte steals 2nd base (no throw) 0-2: Strikes out swinging
|
|
Batting: RHB Joe Hewitt
|
0-0: Ball 1-0: SINGLE (Groundball, 56S, EV 68.8 MPH) (infield hit) Brendan Garoutte to third
|
|
Batting: RHB Brian Spry
|
0-0: Called Strike 0-1: Ball Passed Ball! Brendan Garoutte scores Joe Hewitt to second 1-1: Ball 2-1: Foul Ball, location: 2F 2-2: Foul Ball, location: 2F 2-2: Ball 3-2: SINGLE (Groundball, 5S, EV 67.5 MPH) (infield hit) Joe Hewitt to third
|
|
Batting: LHB Ramon Garduno
|
0-0: Ball 1-0: Called Strike 1-1: Fly out, F8 (Flyball, 8RM, EV 91.2 MPH)
|
|
Batting: RHB Carlos Gonzales
|
0-0: Called Strike Brian Spry steals 2nd base 0-1: Ball 1-1: Ball 2-1: Called Strike 2-2: Ball 3-2: Fly out, F6 (Line Drive, 6, EV 73.8 MPH)
|
| Top of the 1st over - 1 run, 2 hits, 0 errors, 2 left on base; Orem 1 - Greeneville 0 |
| BOTTOM OF THE 1ST |
|
Greeneville Astros batting - Pitching for Orem Owlz : RHP Jeff Shelton
|
|
Pitching: RHP Jeff Shelton
|
|
|
Batting: RHB Hugo Priego
|
0-0: Foul Ball, location: 2F 0-1: Fly out, F8 (Flyball, 8RM, EV 85.0 MPH)
|
|
Batting: RHB Keith Goodwin
|
0-0: Called Strike 0-1: Ball 1-1: Ground out U3 (Groundball, 34S, EV 81.9 MPH)
|
|
Batting: RHB John Moore
|
0-0: Called Strike 0-1: Ball 1-1: Ball 2-1: Ground out 4-3 (Groundball, 34, EV 88.1 MPH)
|
| Bottom of the 1st over - 0 runs, 0 hits, 0 errors, 0 left on base; Orem 1 - Greeneville 0 |
| TOP OF THE 2ND |
|
Orem Owlz batting - Pitching for Greeneville Astros : LHP Jeremy Mellott
|
|
Batting: RHB Aaron Bryant
|
0-0: Ball 1-0: Foul Ball, location: 2F 1-1: Ball 2-1: Ball 3-1: Foul Ball, location: 2F 3-2: Foul Ball, location: 2F 3-2: Strikes out swinging
|
|
Batting: SHB Yuya Hirata
|
0-0: Ball 1-0: Called Strike 1-1: SOLO HOME RUN (Line Drive, 7D, EV 100.6 MPH), Distance : 397 ft
|
|
Batting: SHB Marty Kuehn
|
0-0: Swinging Strike 0-1: Ball 1-1: Ball 2-1: Fly out, F9 (Flyball, 89M, EV 86.9 MPH)
|
|
Batting: RHB Brendan Garoutte
|
0-0: Ball 1-0: Foul Ball, location: 2F 1-1: Ball 2-1: Foul Ball, location: 2F 2-2: Foul Ball, location: 2F 2-2: Strikes out swinging
|
| Top of the 2nd over - 1 run, 1 hit, 0 errors, 0 left on base; Orem 2 - Greeneville 0 |
| BOTTOM OF THE 2ND |
|
Greeneville Astros batting - Pitching for Orem Owlz : RHP Jeff Shelton
|
|
Batting: RHB Areda Obote
|
0-0: Ball 1-0: SOLO HOME RUN (Flyball, 7LD, EV 96.2 MPH), Distance : 344 ft
|
|
Batting: RHB Roger Pelley
|
0-0: Ball 1-0: Ball 2-0: Ball 3-0: Base on Balls
|
|
Batting: SHB Terciero Ortiz
|
0-0: Foul Ball, location: 2F 0-1: Called Strike 0-2: Strikes out looking
|
|
Batting: LHB Guadalupe Gonzalez
|
0-0: Called Strike 0-1: Fly out, F7 (Flyball, 7, EV 98.8 MPH)
|
|
Batting: RHB Josh Reisner
|
0-0: Fielders Choice at 2nd, 6-4 (Groundball, 6, EV 80.6 MPH)
|
| Bottom of the 2nd over - 1 run, 1 hit, 0 errors, 1 left on base; Orem 2 - Greeneville 1 |
| TOP OF THE 3RD |
|
Orem Owlz batting - Pitching for Greeneville Astros : LHP Jeremy Mellott
|
|
Batting: RHB Fred Saxton
|
0-0: Ball 1-0: Ball 2-0: SINGLE (Line Drive, 8LS, EV 93.1 MPH)
|
|
Batting: RHB Joe Hewitt
|
0-0: Called Strike Fred Saxton steals 2nd base 0-1: Ball 1-1: DOUBLE (Groundball, 3L, EV 106.2 MPH) Fred Saxton scores
|
|
Batting: RHB Brian Spry
|
0-0: Called Strike 0-1: Ball 1-1: Ground out 6-3 (Groundball, 6, EV 76.9 MPH)
|
|
Batting: LHB Ramon Garduno
|
0-0: Fly out, F9 (Flyball, 9D, EV 100.6 MPH) Runner from 2nd tags up, SAFE at 3rd, no throw by RF
|
|
Batting: RHB Carlos Gonzales
|
0-0: Swinging Strike 0-1: Swinging Strike 0-2: Strikes out swinging
|
| Top of the 3rd over - 1 run, 2 hits, 0 errors, 1 left on base; Orem 3 - Greeneville 1 |
| BOTTOM OF THE 3RD |
|
Greeneville Astros batting - Pitching for Orem Owlz : RHP Jeff Shelton
|
|
Batting: RHB Domingas Saragoa
|
0-0: Ground out 6-3 (Groundball, 6, EV 83.1 MPH)
|
|
Batting: RHB Hugo Priego
|
0-0: Ball 1-0: Ball 2-0: Ball 3-0: Base on Balls
|
|
Batting: RHB Keith Goodwin
|
0-0: Fly out, F9 (Flyball, 89S, EV 76.2 MPH)
|
|
Batting: RHB John Moore
|
0-0: Fly out, F9 (Line Drive, 9LM, EV 98.1 MPH)
|
| Bottom of the 3rd over - 0 runs, 0 hits, 0 errors, 1 left on base; Orem 3 - Greeneville 1 |
| TOP OF THE 4TH |
|
Orem Owlz batting - Pitching for Greeneville Astros : LHP Jeremy Mellott
|
|
Batting: RHB Aaron Bryant
|
0-0: Ball 1-0: Ball 2-0: Foul Ball, location: 2F 2-1: Foul Ball, location: 2F 2-2: Foul Ball, location: 2F 2-2: Ball 3-2: Strikes out swinging
|
|
Batting: SHB Yuya Hirata
|
0-0: Called Strike 0-1: Foul Ball, location: 2F 0-2: Ball 1-2: Strikes out swinging
|
|
Batting: SHB Marty Kuehn
|
0-0: Called Strike 0-1: Ball 1-1: Ball 2-1: Called Strike 2-2: Foul Ball, location: 2F 2-2: Foul Ball, location: 2F 2-2: Ball 3-2: Base on Balls
|
|
Batting: RHB Brendan Garoutte
|
0-0: Ground out 4-3 (Groundball, 4, EV 90.0 MPH)
|
| Top of the 4th over - 0 runs, 0 hits, 0 errors, 1 left on base; Orem 3 - Greeneville 1 |
| BOTTOM OF THE 4TH |
|
Greeneville Astros batting - Pitching for Orem Owlz : RHP Jeff Shelton
|
|
Batting: RHB Areda Obote
|
0-0: Ball 1-0: Ball 2-0: Called Strike 2-1: Ball 3-1: Swinging Strike 3-2: Foul Ball, location: 2F 3-2: Base on Balls
|
|
Batting: RHB Roger Pelley
|
0-0: Grounds into double play, 6-4-3 (Groundball, 6, EV 90.6 MPH)
|
|
Batting: SHB Terciero Ortiz
|
0-0: Called Strike 0-1: Ball 1-1: Swinging Strike 1-2: Foul Ball, location: 2F 1-2: SINGLE (Flyball, 9S, EV 96.2 MPH)
|
|
Batting: LHB Guadalupe Gonzalez
|
0-0: Called Strike 0-1: Swinging Strike 0-2: Ball 1-2: Fielders Choice at 2nd, 5-4 (Groundball, 56, EV 86.9 MPH)
|
| Bottom of the 4th over - 0 runs, 1 hit, 0 errors, 1 left on base; Orem 3 - Greeneville 1 |
| TOP OF THE 5TH |
|
Orem Owlz batting - Pitching for Greeneville Astros : LHP Jeremy Mellott
|
|
Batting: RHB Fred Saxton
|
0-0: Called Strike 0-1: Called Strike 0-2: Strikes out swinging
|
|
Batting: RHB Joe Hewitt
|
0-0: Foul Ball, location: 2F 0-1: Swinging Strike 0-2: Ball 1-2: Foul Ball, location: 2F 1-2: Foul Ball, location: 2F 1-2: Strikes out looking
|
|
Batting: RHB Brian Spry
|
0-0: Ball 1-0: Ball 2-0: Swinging Strike 2-1: Foul Ball, location: 2F 2-2: Ball 3-2: Foul Ball, location: 2F 3-2: Ground out 3-1 (Groundball, 34S, EV 76.9 MPH)
|
| Top of the 5th over - 0 runs, 0 hits, 0 errors, 0 left on base; Orem 3 - Greeneville 1 |
| BOTTOM OF THE 5TH |
|
Greeneville Astros batting - Pitching for Orem Owlz : RHP Jeff Shelton
|
|
Batting: RHB Josh Reisner
|
0-0: Ball 1-0: Foul Ball, location: 2F 1-1: Foul Ball, location: 2F 1-2: Fly out, F9 (Flyball, 89M, EV 90.0 MPH)
|
|
Batting: RHB Domingas Saragoa
|
0-0: Called Strike 0-1: Ball 1-1: Ground out 6-3 (Groundball, 6, EV 90.0 MPH)
|
|
Batting: RHB Hugo Priego
|
0-0: Ground out 6-3 (Groundball, 6S, EV 88.8 MPH)
|
| Bottom of the 5th over - 0 runs, 0 hits, 0 errors, 0 left on base; Orem 3 - Greeneville 1 |
| TOP OF THE 6TH |
|
Orem Owlz batting - Pitching for Greeneville Astros : LHP Jeremy Mellott
|
|
Pitching: RHP Vinny Salazar
|
|
|
Batting: LHB Ramon Garduno
|
0-0: Ball 1-0: Ball 2-0: Called Strike 2-1: Foul Ball, location: 2F 2-2: Ground out U3 (Groundball, 34D, EV 89.4 MPH)
|
|
Batting: RHB Carlos Gonzales
|
0-0: Ball 1-0: Ball 2-0: Foul Ball, location: 2F 2-1: Foul Ball, location: 2F 2-2: Ground out 4-3 (Groundball, 4, EV 101.2 MPH)
|
|
Batting: RHB Aaron Bryant
|
0-0: Ball 1-0: Swinging Strike 1-1: Ground out 1-3 (Groundball, 34S, EV 65.0 MPH)
|
| Top of the 6th over - 0 runs, 0 hits, 0 errors, 0 left on base; Orem 3 - Greeneville 1 |
| BOTTOM OF THE 6TH |
|
Greeneville Astros batting - Pitching for Orem Owlz : RHP Jeff Shelton
|
|
Batting: RHB Keith Goodwin
|
0-0: Swinging Strike 0-1: Ball 1-1: Fly out, F8 (Flyball, 8RD, EV 99.4 MPH)
|
|
Batting: RHB John Moore
|
0-0: Ball 1-0: Ball 2-0: Swinging Strike 2-1: Ball 3-1: Base on Balls
|
|
Batting: RHB Areda Obote
|
0-0: Ball 1-0: Called Strike 1-1: Ball 2-1: Foul Ball, location: 2F 2-2: Foul Ball, location: 2F 2-2: Ball 3-2: Fly out, F8 (Line Drive, 8LD, EV 87.5 MPH)
|
|
Batting: RHB Roger Pelley
|
0-0: Ball 1-0: Called Strike 1-1: Fly out, F9 (Flyball, 89S, EV 87.5 MPH)
|
| Bottom of the 6th over - 0 runs, 0 hits, 0 errors, 1 left on base; Orem 3 - Greeneville 1 |
| TOP OF THE 7TH |
|
Orem Owlz batting - Pitching for Greeneville Astros : RHP Vinny Salazar
|
|
Batting: SHB Yuya Hirata
|
0-0: Ball 1-0: Foul Ball, location: 2F 1-1: Swinging Strike 1-2: Foul Ball, location: 2F 1-2: Ground out U3 (Groundball, 3, EV 86.9 MPH)
|
|
Batting: SHB Marty Kuehn
|
0-0: Called Strike 0-1: Ball 1-1: Foul Ball, location: 2F 1-2: Foul Ball, location: 2F 1-2: Ball 2-2: Ball 3-2: Strikes out looking
|
|
Batting: RHB Brendan Garoutte
|
0-0: Called Strike 0-1: Ball 1-1: Fly out, F7 (Flyball, 7, EV 85.0 MPH)
|
| Top of the 7th over - 0 runs, 0 hits, 0 errors, 0 left on base; Orem 3 - Greeneville 1 |
| BOTTOM OF THE 7TH |
|
Greeneville Astros batting - Pitching for Orem Owlz : RHP Jeff Shelton
|
|
Now in RF: Ivan Barrientos
|
|
|
Batting: SHB Terciero Ortiz
|
0-0: Ground out U3 (Groundball, 3L, EV 100.6 MPH)
|
|
Batting: LHB Guadalupe Gonzalez
|
0-0: Ball 1-0: Ball 2-0: Reached on error, E3 (Groundball, 3L, EV 85.6 MPH)
|
|
Pitching: RHP Javier Carrasco
|
|
|
Batting: RHB Josh Reisner
|
0-0: Ball 1-0: Ball Guadalupe Gonzalez steals 2nd base 2-0: Fly out, F7 (Flyball, 78S, EV 88.1 MPH)
|
|
Batting: RHB Domingas Saragoa
|
0-0: Foul Ball, location: 2F 0-1: Ground out 6-3 (Groundball, P, EV 81.2 MPH)
|
| Bottom of the 7th over - 0 runs, 0 hits, 1 error, 1 left on base; Orem 3 - Greeneville 1 |
| TOP OF THE 8TH |
|
Orem Owlz batting - Pitching for Greeneville Astros : RHP Vinny Salazar
|
|
Pitching: RHP Ernie Bell
|
|
|
Batting: RHB Fred Saxton
|
0-0: Fly out, F8 (Flyball, 8LD, EV 86.2 MPH)
|
|
Batting: RHB Joe Hewitt
|
0-0: Ball 1-0: Ball 2-0: Called Strike 2-1: SINGLE (Line Drive, 9S, EV 90.6 MPH)
|
|
Batting: RHB Brian Spry
|
0-0: Ball 1-0: Foul Ball, location: 2F 1-1: Ball 2-1: Ball 3-1: SINGLE (Groundball, 34D, EV 103.8 MPH) Joe Hewitt to second Runner from 2nd tries for 3rd, SAFE, throw by RF made to third
|
|
Pinch Runner at 3rd Kyle Gray:
|
|
|
Batting: LHB Ramon Garduno
|
0-0: Ball 1-0: Ball 2-0: Foul Ball, location: 2F 2-1: Ground out 5-3 (Groundball, 56S, EV 75.6 MPH) Brian Spry to second
|
|
Batting: RHB Carlos Gonzales
|
0-0: Ground out 6-3 (Groundball, 6, EV 103.1 MPH)
|
| Top of the 8th over - 0 runs, 2 hits, 0 errors, 2 left on base; Orem 3 - Greeneville 1 |
| BOTTOM OF THE 8TH |
|
Greeneville Astros batting - Pitching for Orem Owlz : RHP Javier Carrasco
|
|
Now at 1B: David Rhodes
|
|
|
Now in LF: Bill Girton
|
|
|
Batting: RHB Hugo Priego
|
0-0: Ball 1-0: Ball 2-0: Ball 3-0: Base on Balls
|
|
Batting: RHB Keith Goodwin
|
0-0: Ball 1-0: Ball 2-0: Called Strike 2-1: Fly out, F9 (Flyball, 9, EV 88.8 MPH)
|
|
Batting: RHB John Moore
|
0-0: Ball 1-0: Ball Wild Pitch! Hugo Priego to second 2-0: Foul Ball, location: 2F 2-1: Swinging Strike 2-2: Strikes out swinging
|
|
Batting: RHB Areda Obote
|
0-0: Ball Wild Pitch! Hugo Priego to third 1-0: Foul Ball, location: 2F 1-1: Ball 2-1: Ground out 5-3 (Groundball, 56, EV 102.5 MPH)
|
| Bottom of the 8th over - 0 runs, 0 hits, 0 errors, 1 left on base; Orem 3 - Greeneville 1 |
| TOP OF THE 9TH |
|
Orem Owlz batting - Pitching for Greeneville Astros : RHP Ernie Bell
|
|
Batting: RHB Ivan Barrientos
|
0-0: Ball 1-0: Called Strike 1-1: Ball 2-1: Called Strike 2-2: Foul Ball, location: 2F 2-2: Foul Ball, location: 2F 2-2: Ball 3-2: Base on Balls
|
|
Pitching: RHP Max Warburton
|
|
|
Batting: SHB Yuya Hirata
|
0-0: Ball Ivan Barrientos is caught stealing 2nd base 2-6 1-0: Ball 2-0: DOUBLE (Flyball, 89D, EV 115.0 MPH) - OUT at third base trying to stretch hit.
|
|
Batting: SHB Marty Kuehn
|
0-0: Swinging Strike 0-1: Ball 1-1: Ball 2-1: Foul Ball, location: 2F 2-2: Strikes out swinging
|
| Top of the 9th over - 0 runs, 1 hit, 0 errors, 0 left on base; Orem 3 - Greeneville 1 |
| BOTTOM OF THE 9TH |
|
Greeneville Astros batting - Pitching for Orem Owlz : RHP Javier Carrasco
|
|
Pitching: RHP Matt Doherty
|
|
|
Batting: RHB Roger Pelley
|
0-0: Ground out 6-3 (Groundball, 6S, EV 86.9 MPH)
|
|
Pinch Hitting: RHB Jason Monico
|
0-0: Ball 1-0: Ball 2-0: Ball 3-0: Called Strike 3-1: SINGLE (Groundball, 56D, EV 106.9 MPH)
|
|
Batting: LHB Guadalupe Gonzalez
|
0-0: Ball 1-0: Called Strike 1-1: Grounds into double play, 4-6-3 (Groundball, 4, EV 80.6 MPH)
|
| Bottom of the 9th over - 0 runs, 1 hit, 0 errors, 0 left on base; Orem 3 - Greeneville 1 |
|